 Dungeon Crawl Stone Soup version 0.27-a0-1196-g3e9cee4cb2 (webtiles) character file.

Game seed: 4632178677693576537

11221 freelancePsychic the Blocker (level 11, -6/89 HPs)
             Began as a Demonspawn Wanderer on May 30, 2021.
             Was a Follower of Uskayaw.
             Mangled by a cane toad (21 damage)
             ... on level 2 of the Lair of Beasts.
             The game lasted 00:36:08 (12162 turns).

freelancePsychic the Blocker (Demonspawn Wanderer) Turns: 12162, Time: 00:36:08

Health: -6/89      AC: 10    Str: 17    XL:     11   Next: 46%
Magic:  12/12      EV: 10    Int: 13    God:    Uskayaw [*.....]
Gold:   697        SH: 12    Dex: 12    Spells: 10/10 levels left

rFire    + . .     SeeInvis .     - Unarmed
rCold    . . .     Faith    .   t - +0 buckler
rNeg     . . .     Spirit   .   h - +0 acid dragon scales
rPois    +         Reflect  .   (no helmet)
rElec    .         Harm     .   I - +0 cloak {rPois}
rCorr    +         Rampage  .   (no gloves)
Will     +....                  e - +2 pair of boots
Stlth    +.........             G - amulet of regeneration
HPRegen  1.24/turn              N - ring of willpower
MPRegen  0.13/turn              H - ring of protection from fire

@: brilliant, studying Short Blades
A: claws 1, large bone plates 2, powered by pain 1
a: Renounce Religion, Stomp


You were on level 2 of the Lair of Beasts.
You worshipped Uskayaw.
Uskayaw was noncommittal.
You visited 3 branches of the dungeon, and saw 13 of its levels.
You also visited: Ossuary and Bailey.

You collected 755 gold pieces.
You spent 58 gold pieces at shops.

Inventory:

Hand Weapons
 b - a +0 shortbow
 k - a +0 short sword of venom
 o - a +2 hand axe
 F - a +0 rapier
Missiles
 c - 71 arrows
 n - 4 boomerangs of dispersal (quivered)
 s - 16 curare-tipped darts
 M - 6 atropa-tipped darts
Armour
 d - a +0 leather armour
 e - a +2 pair of boots (worn)
 h - +0 acid dragon scales (worn)
 p - a +2 tower shield
 t - a +0 buckler (worn)
 I - a +0 cloak of poison resistance (worn)
Jewellery
 r - a ring of magical power
 G - an amulet of regeneration (around neck)
 H - a ring of protection from fire (right claw)
 K - a ring of protection from cold
 N - a ring of willpower (left claw)
Wands
 w - a wand of flame (62)
 B - a wand of mindburst (12)
Scrolls
 a - a scroll of fear {unknown}
 m - 3 scrolls of noise
 u - a scroll of teleportation {@r4}
 y - 2 scrolls of identify {@r1}
 A - 2 scrolls of brand weapon
 E - a scroll of enchant weapon
Potions
 f - 3 potions of attraction
 g - 3 potions of flight {unknown}
 i - 2 potions of brilliance
 j - 4 potions of mutation
 l - 3 potions of ambrosia
 q - 2 potions of haste {unknown}
 v - a potion of invisibility {unknown}
 x - 4 potions of berserk rage
 z - a potion of magic {unknown}
 C - 2 potions of resistance
 D - a potion of lignification {unknown}
 J - a potion of experience {unknown}
 L - a potion of degeneration {unknown}


   Skills:
 + Level 9.3 Fighting
 - Level 8.2 Short Blades
 - Level 1.0 Axes
 - Level 1.5 Bows
 + Level 2.6 Armour
 - Level 10.0 Shields
 + Level 8.2 Unarmed Combat
 - Level 1.8 Invocations


You had 10 spell levels left.
You didn't know any spells.
Your spell library contained the following spells:

 Spells                   Type           Power      Damage    Failure   Level
 Confusing Touch          Hex            0%         N/A       77%         3
 Gell's Gravitas          Tloc           0%         N/A       77%         3
 Cause Fear               Hex            0%         N/A       99%         4
 Petrify                  Tmut/Erth      0%         N/A       99%         4
 Metabolic Englaciation   Hex/Ice        0%         N/A       100%        5
 Silence                  Hex/Air        0%         N/A       100%        5
 Yara's Violent Unravell  Hex/Tmut       0%         3d3       100%        5
 Discord                  Hex            0%         N/A       100%        8


Dungeon Overview and Level Annotations

Branches:
Dungeon (10/15)            Temple (1/1) D:4            Lair (2/6) D:9
  Swamp (0/4) Lair:2      Ossuary (visited)          Bailey (visited)
  Snake: Lair:2-4    Spider: Lair:2-4       Orc: D:9-12

Altars:
Ashenzari
Cheibriados
Dithmenos
Fedhas
Gozag
Hepliaklqana
Makhleb
Nemelex Xobeh
Okawaru
Qazlal
Ru
Sif Muna
Trog
Uskayaw
Vehumet
Wu Jian
Xom
Yredelemnul
Zin
The Shining One

Shops:
D:2 [[

Annotations:
D:9 2 transporters


Innate Abilities, Weirdness & Mutations

You have sharp fingernails.
You are mostly covered in large bone plates. (SH +6)
You sometimes gain a little power by taking damage.


Message History

You feel very sick. You block the cane toad's attack.
You claw the cane toad!
The cane toad is heavily wounded.
You feel sick. The cane toad stings you!!
You scratch the cane toad.
The cane toad is heavily wounded.
You feel sick. The cane toad barely misses you.
You claw the cane toad!
The cane toad is almost dead.
You feel sick. The cane toad stings you.
* * * LOW HITPOINT WARNING * * *
You can now pass through a line of other dancers.
You closely miss the cane toad.
The cane toad is almost dead.
You feel sick. You block the cane toad's attack.
You feel sick.
You feel sick.
The cane toad stings you but does no damage.
Throw: 5 boomerangs (disperse)
Press: ? - help, Q - select action, (/) - cycle Shift-Dir - straight line, f - cane toad
Aim: a cane toad (almost dead, 65% to hit)
You throw a boomerang of dispersal.
The boomerang of dispersal hits the cane toad but does no damage.
The cane toad is almost dead.
You feel sick. The bullfrog hits you.
* * * LOW HITPOINT WARNING * * *
The cane toad stings you but does no damage.
The bullfrog closely misses you. The cane toad stings you!!
* * * LOW HITPOINT WARNING * * *
You can no longer pass through a line of other dancers.
You feel clever all of a sudden.
You feel sick. The bullfrog hits you.
* * * LOW HITPOINT WARNING * * *
You block the cane toad's attack.
You feel sick.
You are no longer poisoned.
Okay, then.
The cane toad stings you!!
You die...

.........## #...
###.........# ##..
...........## #...
#..#.####.#.# ###..
#.... #..###.##..#
#..P #P.##.#..#.#
##.######..........
#...#.PP#.###P.#...
#@.......# ##..
#F...###.# #..
#F#### #.# #.. ##.#
###.# #.)
#..####.#.## ####..
##.P##.#...###.#...
#.................
###.###.####...##.
### ### ##..# #


You could see a cane toad and a bullfrog.

Vanquished Creatures
  Erica (D:8)
  Pikel (D:4)
  A black mamba (Lair:1)
  A cane toad (Lair:1)
  Psyche (D:8)
  2 komodo dragons
  A polar bear (Lair:1)
  A shadow (D:9)
  A wyvern (D:9)
  28 yaks
  Menkaure (D:7)
  2 wargs (D:9)
  7 water moccasins
  4 orc warriors
  2 sky beasts
  2 phantoms
  3 lemures
  A kobold brigand (D:9)
  5 bullfrogs
  4 scorpions
  A wyvern zombie (D:7)
  A water moccasin skeleton (D:6)
  3 wights (D:9)
  An electric eel (D:10)
  A howler monkey (D:6)
  A centaur zombie (D:8)
  3 bullfrog zombies (D:6)
  8 hounds
  A bullfrog skeleton (D:4)
  8 orc priests
  3 jellies (D:6)
  A human zombie (Ossuary)
  An iguana (D:7)
  12 orc wizards
  A hound skeleton (D:5)
  A howler monkey zombie (D:5)
  3 mummies (Ossuary)
  A howler monkey skeleton (D:5)
  5 adders
  A white imp (D:7)
  2 shadow imps (D:6)
  An adder skeleton (D:5)
  2 dart slugs
  36 orcs
  5 endoplasms
  A gnoll zombie (Ossuary)
  5 goblins
  7 hobgoblins
  19 jackals
  14 kobolds
  2 quokkas
  3 ball pythons
  4 bats
  4 frilled lizards
  6 hobgoblin zombies (Ossuary)
  4 kobold zombies (Ossuary)
  4 quokka zombies (Ossuary)
  4 rats
  2 rat zombies (Ossuary)
251 creatures vanquished.

Vanquished Creatures (collateral kills)
  An acid dragon (D:10)
  A necrophage (D:5)
  A scorpion (D:5)
  An adder (D:5)
  An orc (D:10)
5 creatures vanquished.

Vanquished Creatures (others)
  2 plants (Lair:2)
2 creatures vanquished.

Grand Total: 258 creatures vanquished

Notes
Turn   | Place    | Note
-------+----------+-------------------------------------------
     0 | D:1      | freelancePsychic the Demonspawn Wanderer began the quest
                  | for the Orb.
     0 | D:1      | freelancePsychic set off with the following items: a +2
                  | hand axe, a +0 shortbow, 24 arrows, a potion of curing
                  | {@q1}, a +0 robe
     0 | D:1      | Reached XP level 1. HP: 21/21 MP: 1/1
   164 | D:1      | Reached skill level 1 in Bows
   164 | D:1      | Gained mutation: You are partially covered in large bone
                  | plates. (SH +4) [demonic ancestry]
   164 | D:1      | Reached XP level 2. HP: 22/27 MP: 2/2
   266 | D:1      | Found a faded altar of an unknown god.
   922 | D:2      | Found Tuzoib's Armour Shoppe.
   961 | D:2      | Found Epiydodylu's Antique Armour Shop.
  1141 | D:2      | Gained mutation: You sometimes gain a little power by
                  | taking damage. [demonic ancestry]
  1141 | D:2      | Reached XP level 3. HP: 33/33 MP: 3/3
  2208 | D:3      | Gained mutation: You are mostly covered in large bone
                  | plates. (SH +6) [demonic ancestry]
  2208 | D:3      | Reached XP level 4. HP: 39/40 MP: 4/4
  2334 | D:3      | Found an iron altar of Okawaru.
  3166 | D:4      | Noticed a lemure
  3167 | D:4      | Noticed a lemure
  3167 | D:4      | Noticed Pikel
  3195 | D:3      | Killed a lemure
  3452 | D:4      | Found a staircase to the Ecumenical Temple.
  3457 | D:4      | Reached XP level 5. HP: 46/47 MP: 5/5
  3475 | Temple   | Entered the Ecumenical Temple
  3539 | Temple   | Became a worshipper of Uskayaw the Reveller
  3714 | D:2      | Bought a +0 tower shield for 58 gold pieces
  3800 | D:4      | Killed a lemure
  3826 | D:4      | Noticed a lemure
  3855 | D:5      | Entered Level 5 of the Dungeon
  3855 | D:5      | Noticed a necrophage
  3863 | D:5      | Killed a necrophage
  3864 | D:5      | Reached skill level 2 in Shields
  3864 | D:5      | Reached skill level 1 in Invocations
  3878 | D:5      | Reached skill level 1 in Short Blades
  4009 | D:5      | Reached * piety under Uskayaw
  4114 | D:5      | Noticed a sky beast
  4130 | D:5      | Reached ** piety under Uskayaw
  4131 | D:5      | Reached XP level 6. HP: 35/53 MP: 7/7
  4138 | D:5      | Reached *** piety under Uskayaw
  4143 | D:5      | Reached **** piety under Uskayaw
  4144 | D:5      | Reached skill level 3 in Shields
  4521 | D:5      | Killed a sky beast
  4522 | D:5      | Reached XP level 7. HP: 25/59 MP: 2/8
  4993 | D:6      | Reached skill level 4 in Shields
  5501 | D:6      | Reached skill level 5 in Shields
  5501 | D:6      | Reached XP level 8. HP: 59/65 MP: 9/9
  5548 | D:6      | Reached skill level 5 in Short Blades
  5607 | D:6      | Reached ***** piety under Uskayaw
  5894 | D:6      | Reached skill level 6 in Shields
  6519 | D:7      | Noticed Menkaure
  6526 | D:7      | Killed Menkaure
  6779 | D:7      | Found a stormy altar of Qazlal.
  6905 | D:7      | Found an opulent altar of Gozag.
  6917 | D:7      | Reached skill level 7 in Shields
  6917 | D:7      | Gained mutation: You have sharp fingernails. [demonic
                  | ancestry]
  6917 | D:7      | Reached XP level 9. HP: 54/71 MP: 10/10
  6920 | D:7      | Found a sand-covered staircase.
  6929 | Ossuary  | Entered an ossuary
  7177 | Ossuary  | Identified a scroll of acquirement
  7179 | Ossuary  | Acquired a manual of Short Blades
  7688 | D:7      | Found a shimmering blue altar of Sif Muna.
  8234 | D:8      | Noticed Psyche
  8235 | D:8      | Paralysed by Psyche for 4 turns
  8253 | D:8      | Killed Psyche
  8543 | D:8      | Acquired a +0 cloak of poison resistance
  8566 | D:8      | Reached skill level 8 in Shields
  8602 | D:8      | Noticed Erica
  8775 | D:4      | Killed Pikel
  9203 | D:9      | Found a transporter.
  9203 | D:9      | Found a radiant altar of Vehumet.
  9206 | D:9      | Noticed a stone giant
  9208 | D:9      | Found a blossoming altar of Fedhas.
  9209 | D:9      | Noticed a cyclops
  9210 | D:9      | Noticed a deep elf pyromancer
  9276 | D:9      | Found a staircase to the Lair.
  9291 | D:9      | Reached skill level 9 in Shields
  9295 | D:9      | Reached XP level 10. HP: 64/77 MP: 11/11
  9329 | D:9      | Found a flagged portal.
  9330 | D:9      | Found the +13 scythe of Curses {drain, Drain}
  9341 | Bailey   | Entered a bailey
  9881 | D:9      | Found a transporter.
  9909 | D:9      | Reached skill level 5 in Unarmed Combat
 10075 | D:9      | Reached skill level 10 in Shields
 10310 | D:10     | Entered Level 10 of the Dungeon
 10561 | D:8      | Killed Erica
 10825 | Lair:1   | Entered Level 1 of the Lair of Beasts
 11193 | Lair:1   | Noticed a cane toad
 11200 | Lair:1   | Killed a cane toad
 11201 | Lair:1   | Reached XP level 11. HP: 35/86 MP: 12/12
 11520 | Lair:1   | Identified the +3 leather armour "Botec" {rF+}
 11556 | Lair:1   | Reached ****** piety under Uskayaw
 11913 | Lair:2   | Found a staircase to the Swamp.
 11925 | Lair:2   | Noticed a death yak
 12149 | Lair:2   | HP: 2/89 [cane toad (20)]
 12162 | Lair:2   | Mangled by a cane toad

Illustrated notes

Levels and vault maps discovered:
D:1:      minmay_arrival_four_houses, layout_rooms,
          hellmonk_ecumenical_altar_pennies_from_heaven
D:2:      layout_basic, serial_shops, nicolae_shop_waterfront, shop,
          minmay_tetromino_t2
D:3:      layout_basic, amcnicky_altar_gilded
D:4:      layout_basic, minmay_temple_entry_glassed_door, uniq_pikel
D:5:      layout_cave_pools
D:6:      layout_loops_ring, hangedman_minor_gate_pass
D:7:      layout_loops_ring, kennysheep_orc_sif_temple,
          nicolae_gozag_seed_capital, lemuel_coloured_pillars_altar,
          nicolae_ossuary_entry_monument, serial_park_tiny_pond, uniq_menkaure
D:8:      layout_basic, uniq_psyche, uniq_erica
D:9:      layout_small_grid, gammafunk_temple_overflow_arena,
          erik_lair_orcish_takeover, enter_bailey_2
D:10:     layout_irregular_city, nicolae_elyvilon_temple_path,
          lemuel_round_altar, nicolae_trove_entry_path_of_doom, serial_shops,
          kennysheep_little_box, wad_floor_pattern_2, grunt_ogre_cave
Temple:   eino_temple_water
Lair:1:   layout_regular_city, minivault_24, infiniplex_staircase_pool_2,
          serial_bayou_shore_b
Lair:2:   layout_small_grid, swamp_mist_pool

Skill      XL: |  1  2  3  4  5  6  7  8  9 10 11 |
---------------+----------------------------------+-----
Bows           | 1 |  1.5
Fighting       | 6 8 9 |  9.3
Shields        | 2 3 5 7 9 10 | 10.0
Invocations    | 1 |  1.8
Short Blades   | 1 3 4 6 8 |  8.2
Unarmed Combat | 3 6 8 |  8.2
Armour         | 2 |  2.6
Axes           | |  1.0

Action                   |  1- 3 |  4- 6 |  7- 9 | 10-12 || total
-------------------------+-------+-------+-------+-------++-------
Melee: Hand axe          |    39 |     9 |       |       ||    48
       Short sword       |       |    50 |       |       ||    50
       Dagger            |       |    95 |   474 |    63 ||   632
       Unarmed           |       |       |       |   471 ||   471
 Fire: Shortbow          |    84 |    23 |       |       ||   107
Throw: Boomerang         |       |       |     1 |     1 ||     2
Invok: Stomp             |       |     2 |     3 |     4 ||     9
       Line Pass         |       |     1 |       |       ||     1
Evoke: Wand              |       |       |     1 |     4 ||     5
  Use: Scroll            |     2 |     7 |    12 |     4 ||    25
       Potion            |     2 |     1 |     3 |     9 ||    15
 Stab: Sleeping          |     3 |       |       |       ||     3
       Paralysed         |       |     2 |     8 |    15 ||    25
Armor: Robe              |    12 |       |       |       ||    12
       Leather armour    |     7 |    61 |    64 |    80 ||   212
       Acid dragon scale |       |       |       |    29 ||    29
Dodge: Dodged            |    64 |    65 |    44 |   117 ||   290
Block: Other             |    14 |    21 |       |       ||    35
       Tower shield      |       |   104 |   434 |   420 ||   958
       Buckler           |       |       |       |   120 ||   120

Table legend: (Time is in decaauts)
 A = Elapsed time spent in this place.
 B = Non-inter-level travel time spent in this place.
 C = Inter-level travel time spent in this place.
 D = Time resting spent in this place.
 E = Time spent auto-exploring this place.
 F = Levels seen in this place.
 G = Mean time per level.
                   A        B        C        D        E       F      G
               +--------+--------+--------+--------+--------+-----+--------+
         Total |  12326 |  11527 |    799 |    818 |   7829 |  15 |  821.7 |
       Dungeon |  10500 |   9747 |    753 |    818 |   6695 |  10 | 1050.0 |
        Temple |     79 |     65 |     14 |      0 |     49 |   1 |   79.0 |
          Lair |   1313 |   1281 |     32 |      0 |    881 |   2 |  656.5 |
       Ossuary |    267 |    267 |      0 |      0 |    142 |   1 |  267.0 |
        Bailey |    164 |    164 |      0 |      0 |     62 |   1 |  164.0 |
               +--------+--------+--------+--------+--------+-----+--------+

Top non-repeatable levels by time:
     D:6: 1531 daAuts
     D:7: 1309 daAuts
     D:3: 1306 daAuts
     D:8: 1178 daAuts
     D:5: 1121 daAuts
     D:9: 1071 daAuts
  Lair:1: 1068 daAuts
     D:2: 1045 daAuts
     D:4: 890 daAuts
     D:1: 878 daAuts
 Ossuary: 267 daAuts
  Lair:2: 245 daAuts
    D:10: 169 daAuts
  Bailey: 164 daAuts
  Temple: 79 daAuts
